 Dungeon Crawl Stone Soup version 0.27-a0-1140-g099f9bb0e8 (webtiles) character file.

Game seed: 10672891477919850092

61 CurlyBrace the Chiller (level 3, 1/16 HPs)
             Began as a Felid Ice Elementalist on May 10, 2021.
             Quit the game on level 5 of the Dungeon.
             The game lasted 00:05:07 (351 turns).

CurlyBrace the Chiller (Felid Ice Elementalist)      Turns: 351, Time: 00:05:07

Health: 1/16       AC:  0    Str:  5    XL:     3   Next: 83%
Magic:  7/7        EV: 21    Int: 16    God:
Gold:   12         SH:  5    Dex: 21    Spells: 5/6 levels left
                                        Lives:  0   Deaths: 0

rFire    . . .     SeeInvis +     - Unarmed
rCold    . . .     Faith    .   (shield unavailable)
rNeg     . . .     Spirit   .   (armour unavailable)
rPois    .         Reflect  +   (helmet unavailable)
rElec    .         Harm     .   (cloak unavailable)
rCorr    .         Rampage  .   (gloves unavailable)
Will     .....                  (boots unavailable)
Stlth    +++.......             a - amulet of reflection
HPRegen  0.05/turn              (ring currently unavailable)
MPRegen  0.10/turn              (ring currently unavailable)

@: bat-form, flying, very quick
A: fast, flying, no casting, tiny, (claws 1), (fangs 3), see invisible, (speed
1), (shaggy fur 1), (stealthy paws), no weapons or thrown items, no armour,
multi-lived
a: no special abilities


You were on level 5 of the Dungeon.
You were a bat.
You visited 1 branch of the dungeon, and saw 5 of its levels.

You collected 12 gold pieces.

Inventory:

Jewellery
 a - an amulet of reflection (around neck)
   (You found it on level 1 of the Dungeon)
Wands
 f - a wand of polymorph (1)
   (You found it on level 2 of the Dungeon)


   Skills:
 * Level 2.2 Fighting
 - Level 3.0 Dodging
 - Level 3.0 Stealth
 * Level 2.2 Unarmed Combat
 - Level 2.0 Spellcasting
 - Level 3.6 Ice Magic


You had 5 spell levels left.
You knew the following spells:

 Your Spells              Type           Power      Damage    Failure   Level
a - Freeze                Ice            52%        1d7       4%          1

Your spell library contained the following spells:

 Spells                   Type           Power      Damage    Failure   Level
 Frozen Ramparts          Ice            26%        1d4       14%         3
 Ozocubu's Armour         Ice            13%        N/A       14%         3
 Magic Dart               Conj           4%         1d3       21%         1
 Searing Ray              Conj           2%         3d3       30%         2
 Dazzling Flash           Conj/Hex       2%         N/A       52%         3
 Hailstorm                Conj/Ice       7%         3d4       69%         4
 Fulminant Prism          Conj/Hex       0%         3d6       90%         4
 Iskenderun's Mystic Bla  Conj/Tloc      1%         2d3       90%         4
 Metabolic Englaciation   Hex/Ice        3%         N/A       95%         5


Dungeon Overview and Level Annotations

Branches:
Dungeon (5/15)
 Temple: D:4-7

Altars:


Innate Abilities, Weirdness & Mutations

You are a bat.
You are tiny and dextrous.
You move quickly.
You are flying.
You cannot cast spells.
((You have sharp claws.))
((You have razor-sharp teeth.))
You have supernaturally acute eyesight. (SInv)
((You cover ground quickly. (Speed+)))
((You are covered in fur. (AC +1)))
((Your paws help you pounce on unaware monsters.))
You are incapable of wielding weapons or throwing items.
You cannot wear armour.
You gain extra lives every three experience levels.


Message History

The dart slug evaporates and reforms as a steam dragon!
Aiming: Polymorph
Press: ? - help, Shift-Dir - straight line, f/p - steam dragon
Aim: a steam dragon (will become a tengu, a sky beast, or a swamp drake, chance to affect: 46%)
The steam dragon evaporates and reforms as a sky beast!
The sky beast flickers out of sight for a moment.
You see here a golden potion.
It was a potion of ambrosia.
You are confused.
You feel invigorated. The sky beast hits you. The sky beast shocks you.
The sky beast hits you. The sky beast shocks you. The sky beast hits you.
The sky beast shocks you.
* * * LOW HITPOINT WARNING * * *
You completely miss the sky beast.
You feel less invigorated.
You feel less confused. The sky beast hits you. The sky beast shocks you.
* * * LOW HITPOINT WARNING * * *
You open the door.
There is an open door here.
A hound comes into view.
You close the door.
Aiming: Polymorph
Press: ? - help, Shift-Dir - straight line, f - you That beam is likely to hit you.
Continue anyway?
You turn into a bat.
Aiming: Polymorph
Press: ? - help, Shift-Dir - straight line, f - hound
Aim: a hound (asleep, will become an endoplasm, a swamp drake, or an orc, chance to affect: 54%)
The hound barks!
The hound resists with significant effort.
Aiming: Polymorph
Press: ? - help, Shift-Dir - straight line, f/p - hound
Aim: a hound (will become an endoplasm, a swamp drake, or an orc, chance to affect: 54%)
The hound evaporates and reforms as a swamp drake!
Aiming: Polymorph
Press: ? - help, Shift-Dir - straight line, f/p - swamp drake
Aim: a swamp drake (will become a steam dragon, a sky beast, or a fire bat, chance to affect: 46%)
The swamp drake resists with some effort.
Are you sure you want to abandon this character and quit the game? (Confirm with "yes".)

##########
......kb.#
########.#
##########+##
#...(...?.Y.#
#.........ยง<#
#...........#
#...........#
#...........#
#......<....#


You could see a swamp drake.

Vanquished Creatures
  3 adders
  A river rat (D:2)
  A dart slug (D:1)
  4 ball pythons
  An endoplasm (D:2)
  A giant cockroach (D:3)
  3 hobgoblins
  2 quokkas
  3 bats (D:2)
  2 frilled lizards
  3 kobolds
  A rat (D:1)
25 creatures vanquished.

Notes
Turn   | Place    | Note
-------+----------+-------------------------------------------
     0 | D:1      | CurlyBrace the Felid Ice Elementalist began the quest for
                  | the Orb.
     0 | D:1      | Reached XP level 1. HP: 7/7 MP: 4/4
    70 | D:1      | Reached XP level 2. HP: 9/12 MP: 0/6
    80 | D:1      | Reached skill level 1 in Fighting
    94 | D:2      | Reached skill level 1 in Unarmed Combat
   154 | D:2      | Noticed Sigmund
   164 | D:3      | Reached XP level 3. HP: 8/16 MP: 0/7
   170 | D:2      | Noticed Sigmund
   170 | D:2      | Sigmund changed into Sigmund the jelly
   171 | D:2      | Noticed Sigmund
   171 | D:2      | Sigmund the jelly changed into Sigmund the river rat
   183 | D:2      | Killed Sigmund the river rat
   327 | D:5      | Entered Level 5 of the Dungeon
   328 | D:5      | Noticed a steam dragon
   328 | D:5      | a dart slug changed into a steam dragon
   329 | D:5      | Noticed a sky beast
   329 | D:5      | a steam dragon changed into a sky beast
   349 | D:5      | Noticed a swamp drake
   349 | D:5      | a hound changed into a swamp drake
   351 | D:5      | Quit the game

Illustrated notes

Levels and vault maps discovered:
D:1:      mushboom_english_gardens, layout_loops_ring,
          chequers_ecumenical_altar_simple
D:2:      layout_rooms, minmay_unequal, uniq_sigmund
D:3:      layout_rooms, gammafunk_ghost_necromancy, roderic_serpentine_path,
          cheibrodos_gnoll_hut, uniq_jessica
D:4:      layout_loops_ring, nicolae_overflow_hidden_temple,
          minmay_temple_entry_ruins, minmay_pentomino_pile
D:5:      layout_basic, dk_noncrumbling_2

Skill      XL: |  1  2  3 |
---------------+----------+-----
Dodging        | 3 |  3.0
Fighting       | 1 2 |  2.2
Unarmed Combat | 1 2 |  2.2
Stealth        | 3 |  3.0
Spellcasting   | |  2.0
Ice Magic      | |  3.6

Action                   || total
-------------------------++-------
Melee: Unarmed           ||    54
       Bite              ||     3
 Cast: Freeze            ||    24
Evoke: Wand              ||     9
  Use: Potion            ||     4
       Scroll            ||     3
 Stab: Sleeping          ||     4
       Invisible         ||     2
Armor: Skin              ||     8
Dodge: Dodged            ||    66
Block: Other             ||    17

Table legend: (Time is in decaauts)
 A = Elapsed time spent in this place.
 B = Non-inter-level travel time spent in this place.
 C = Inter-level travel time spent in this place.
 D = Time resting spent in this place.
 E = Time spent auto-exploring this place.
 F = Levels seen in this place.
 G = Mean time per level.
                   A        B        C        D        E       F      G
               +--------+--------+--------+--------+--------+-----+--------+
         Total |    305 |    305 |      0 |      0 |      0 |   5 |   61.0 |
       Dungeon |    305 |    305 |      0 |      0 |      0 |   5 |   61.0 |
               +--------+--------+--------+--------+--------+-----+--------+

Top non-repeatable levels by time:
     D:2: 169 daAuts
     D:1: 59 daAuts
     D:3: 47 daAuts
     D:5: 20 daAuts
     D:4: 8 daAuts
